 Dungeon Crawl Stone Soup version 0.27-a0-1181-g5f64966fcc (webtiles) character file.

Game seed: 10789091124312405966

36997 robertstho the Thaumaturge (level 14, -2/80 HPs)
             Began as a Djinni Fire Elementalist on May 17, 2021.
             Was a High Priest of Hepliaklqana.
             Slain by a spectral eight-headed hydra (3 damage)
             ... in a Gauntlet.
             The game lasted 00:36:37 (21057 turns).

robertstho the Thaumaturge (DjFE)                  Turns: 21057, Time: 00:36:38

Health: -2/80      AC: 10    Str:  7    XL:     14   Next: 26%
Gold:   978        EV: 18    Int: 26    God:    Hepliaklqana [*****.] SH:  0 Dex: 15

rFire    + + .     SeeInvis .   e - +5 rapier "Yrhohurph" {pain, Int+5}
rCold    x . .     Faith    .   (no shield)
rNeg     . . .     Spirit   .   E - +0 troll leather armour
rPois    ∞         Reflect  .   (no helmet)
rElec    .         Harm     .   j - +1 cloak
rCorr    .         Rampage  .   (no gloves)
Will     +....     NoTele   +   (boots unavailable)
Stlth    +++.......             (no amulet)
HPRegen  1.23/turn              b - +4 ring of evasion
MPRegen  0.00/turn              t - +4 ring of protection

@: flying
A: reduced essence, sickness immunity, fire resistance 2, cold vulnerability 1,
float, innate caster, hp casting, extra vitality 1
a: Renounce Religion, Recall Ancestor, Ancestor Identity, Transference, Idealise


You were in a Gauntlet.
You worshipped Hepliaklqana.
Hepliaklqana was extremely pleased with you.
You visited 3 branches of the dungeon, and saw 18 of its levels.
You also visited: Bailey and Gauntlet.

You collected 978 gold pieces.

Inventory:

Hand Weapons
 e - the +5 rapier "Yrhohurph" (weapon) {pain, Int+5}
   (You found it on level 1 of the Lair of Beasts)

   In the hands of one skilled in necromantic magic, it inflicts extra damage on
   living creatures.
   It affects your intelligence (+5).
 h - a +0 battleaxe
 k - a +0 broad axe
 l - a +2 falchion of electrocution
Missiles
 M - 2 curare-tipped darts
Armour
 a - a +0 robe
 j - a +1 cloak (worn)
 E - a +0 troll leather armour (worn)
Jewellery
 b - a +4 ring of evasion (left hand)
 c - a ring of see invisible
 g - a ring of protection from cold
 t - a +4 ring of protection (right hand)
 D - a ring of protection from cold
 H - a ring of positive energy
 O - a ring of wizardry
 S - a +4 ring of slaying
 T - a +6 ring of strength
Wands
 f - a wand of digging (6)
 w - a wand of mindburst (31)
 K - a wand of paralysis (16)
 P - a wand of iceblast (11)
Scrolls
 n - 4 scrolls of fog
 o - 5 scrolls of immolation
 q - 4 scrolls of blinking {unknown}
 s - 2 scrolls of brand weapon {unknown}
 u - a scroll of acquirement {unknown}
 x - 11 scrolls of teleportation
 y - 4 scrolls of enchant weapon
 A - 3 scrolls of enchant armour
 I - 3 scrolls of magic mapping
Potions
 d - 2 potions of flight {unknown}
 i - 5 potions of curing {unknown}
 m - 4 potions of brilliance {unknown}
 p - 2 potions of might
 r - a potion of heal wounds
 v - 2 potions of berserk rage {unknown}
 z - a potion of magic {unknown}
 B - 2 potions of experience {unknown}
 C - 3 potions of lignification {unknown}
 G - 2 potions of haste {unknown}
 J - a potion of mutation
 N - a potion of resistance {unknown}
 Q - a potion of cancellation {unknown}
 R - a potion of attraction


   Skills:
 + Level 4.1 Fighting
 + Level 2.1(3.5) Short Blades
 + Level 4.3(4.6) Long Blades
 + Level 0.4 Axes
 + Level 4.0 Armour
 + Level 6.3 Dodging
 + Level 5.2 Stealth
 + Level 14.1 Spellcasting
 * Level 9.3 Invocations


You had 5 spell levels left.
You knew the following spells:

 Your Spells              Type           Power      Damage    Failure   Level
a - Foxfire               Conj/Fire      100%       2x1d9     0%          1
b - Conjure Flame         Conj/Fire      75%        6-21      1%          3
c - Inner Flame           Hex/Fire       75%        N/A       1%          3
d - Sticky Flame          Conj/Fire      75%        2d9       1%          4
e - Fireball              Conj/Fire      37%        3d15      1%          5
f - Pain                  Necr           100%       1d9       0%          1
g - Static Discharge      Conj/Air       75%        N/A       1%          2
h - Confusing Touch       Hex            75%        N/A       1%          3
i - Dispel Undead         Necr           75%        3d25      1%          4
j - Borgnjor's Vile Clut  Necr/Erth      37%        N/A       1%          5
k - Hydra Form            Tmut           37%        N/A       1%          5
Your spell library was empty.

Dungeon Overview and Level Annotations

Branches:
Dungeon (12/15)            Temple (1/1) D:4            Lair (5/6) D:11
  Swamp (0/4) Lair:3        Snake (0/4) Lair:4          Orc (0/2) D:10
 Bailey (visited)         Gauntlet (1/1)
  Slime: Lair:5-6

Altars:
Cheibriados
Dithmenos
Fedhas
Gozag
Hepliaklqana
Kikubaaqudgha
Makhleb
Nemelex Xobeh
Qazlal
Sif Muna
Trog
Vehumet
Wu Jian
Xom
Yredelemnul
Zin
The Shining One
Jiyva

Annotations:
D:5 2 transporters
D:9 2 transporters Gauntlet 7 transporters, 1 runed translucent door


Innate Abilities, Weirdness & Mutations

Your life essence is reduced to manifest your ancestor. (-10% HP)
You are immune to sickness and miasma.
You are immune to poison.
Your flesh is very heat resistant. (rF++)
You are vulnerable to cold. (rC-)
You float through the air rather than walking.
You learn spells naturally, not from books.
Your magical power is your life essence.
You have superior vitality. (+4 HP)


Message History

The spectral eight-headed hydra bites you!
The spectral eight-headed hydra completely misses you.
The spectral eight-headed hydra bites you.
The spectral eight-headed hydra completely misses you. x2
The spectral eight-headed hydra barely misses you.
The spectral eight-headed hydra misses you.
Casting: Fireball (mildly dangerous; 1% risk of failure)
Confirm with . or Enter, or press ? or * to list all spells.
Aiming: Sticky Flame (safe; 1% risk of failure)
Press: ? - help, Shift-Dir - straight line, f - spectral eight-headed hydra
Aim: a spectral eight-headed hydra (100% to hit)
The sticky flame hits the spectral eight-headed hydra!
The spectral eight-headed hydra is lightly damaged.
The hell hog squeals angrily.
The death scarab bites you!!
* * * LOW HITPOINT WARNING * * *
Simosihle misses the death scarab.
The spectral dream sheep bites you but does no damage.
The spectral eight-headed hydra bites you but does no damage.
The spectral eight-headed hydra bites you!
* * * LOW HITPOINT WARNING * * *
The spectral eight-headed hydra bites you.
* * * LOW HITPOINT WARNING * * *
The spectral eight-headed hydra misses you. x2
The spectral eight-headed hydra bites you.
* * * LOW HITPOINT WARNING * * *
The spectral eight-headed hydra completely misses you.
The spectral eight-headed hydra closely misses you.
As you read the scroll labelled NORU KOZXUIROU, it crumbles to dust.
Your body is wracked with pain!
* * * LOW HITPOINT WARNING * * *
It was a scroll of torment.
Simosihle hits the death scarab with a +0 dagger of draining!
The spectral dream sheep barely misses you.
The spectral eight-headed hydra misses you.
The spectral eight-headed hydra barely misses you.
The spectral eight-headed hydra bites you.
* * * LOW HITPOINT WARNING * * *
The spectral eight-headed hydra bites you.
You die...

.#....[....#..##......^##..≈#
.#.#.##.##.#..#.#.....#.#..##
.#...#.....#..#..#...#.!#..≈#
##..##.##.[####...#B#...#..##
©#..#.©#..©#©©#...§#...©#..§# #
##.##.##.#.####R.§#^#..[#..## .#
.#.#..#..#.#..#B.#..^#.?#§.≈# ..#
.#Q#.##.##.#..#Z#Z....#.#..###..#
.#.........#..##@B.....##..#....#
.###########..###########..#©...#
...........................#.....
.........................∩.#....#
###..#########..#########..#©...#
.##..#.....55#..#bbbhh.=#..#....#
#(#..#.3#...!#..#b#####[#..###..#
:#####.###..:####.....#©#..≈# ..#
#©#©©#..#©#.©#©©#####.###..## .#


You could see the friendly Simosihle the hexer, a hell hog, a spectral
eight-headed hydra (ally target), a spectral dream sheep, 2 death scarabs, a
hell hound, 4 fire bats and 2 ufetubi.

Vanquished Creatures
  An orc warlord (Bailey)
  2 boulder beetles
  A catoblepas (Lair:4)
  2 two-headed ogres (D:11)
  A tengu warrior (Gauntlet)
  Urug (Lair:2)
  Sonja (D:12)
  An orc knight (Bailey)
  A deep elf pyromancer (D:12)
  A cyclops (D:11)
  A manticore (D:12)
  An ice statue (D:9)
  3 elephants (Lair:5)
  3 black mambas
  Maurice (D:12)
  Maggie (D:7)
  2 gargoyles
  7 cane toads
  12 komodo dragons
  A rime drake (Lair:3)
  A kobold demonologist (D:12)
  A tengu conjurer (Gauntlet)
  3 trolls
  A hornet (D:8)
  A tyrant leech (Lair:3)
  2 polar bears
  4 slime creatures (D:12)
  15 blink frogs
  2 centaur simulacra (Gauntlet)
  2 shadows
  A wraith (D:11)
  22 yaks
  A wyvern (Lair:4)
  A steam dragon (Lair:3)
  2 vampire mosquitoes (D:12)
  A swamp worm (Lair:3)
  5 nagas (Lair:4)
  An acid dragon (D:8)
  7 water moccasins
  6 orc warriors
  2 sky beasts
  4 necrophages
  3 ice beasts
  3 ogres
  8 centaurs
  13 wolves
  2 kobold brigands
  9 bullfrogs
  3 scorpions
  A hornet simulacrum (Gauntlet)
  2 water moccasin skeletons (D:7)
  6 killer bees (D:9)
  A wight (D:9)
  2 howler monkeys
  2 centaur zombies
  3 hounds
  4 bullfrog zombies
  A centaur skeleton (D:3)
  Crazy Yiuf (D:2)
  5 orc priests
  Jessica (D:2)
  2 gnoll shamans
  8 orc wizards
  3 iguanas
  A killer bee zombie (D:8)
  A hound zombie (D:5)
  2 howler monkey zombies
  A mummy (D:9)
  18 gnolls
  2 adders
  2 white imps
  2 ufetubi
  A worm (D:5)
  3 dart slugs
  30 orcs
  4 ball pythons
  5 bats
  6 endoplasms
  2 giant cockroaches
  19 goblins
  7 hobgoblins
  5 jackals
  6 quokkas
  6 frilled lizards
  56 kobolds
  9 rats
  2 bushes
  A butterfly (Lair:4)
403 creatures vanquished.

Vanquished Creatures (collateral kills)
  A hydra (D:11)
  An unseen horror (D:10)
  Psyche (D:11)
  A rime drake (Lair:3)
  A polar bear (Lair:4)
  4 yaks
  A water moccasin (D:9)
  A wolf (Lair:3)
  A kobold brigand (D:9)
  A bullfrog (Lair:3)
  A scorpion (D:11)
  A kobold (D:9)
  A butterfly (Lair:4)
  17 foxfires
33 creatures vanquished.

Vanquished Creatures (others)
  3 hexers
  1076 foxfires
  25 fungi
  82 plants
  4 withered plants (D:9)
1190 creatures vanquished.

Grand Total: 1626 creatures vanquished

Notes
Turn   | Place    | Note
-------+----------+-------------------------------------------
     0 | D:1      | robertstho the Djinni Fire Elementalist began the quest for
                  | the Orb.
     0 | D:1      | Reached XP level 1. HP: 15/15 MP: 0/0
   390 | D:1      | Reached XP level 2. HP: 17/21 MP: 0/0
   460 | D:1      | Found a faded altar of an unknown god.
   926 | D:1      | Reached skill level 3 in Spellcasting
   937 | D:1      | Reached XP level 3. HP: 16/25 MP: 0/0
   937 | D:1      | Learned a level 1 spell: Pain
  2012 | D:2      | Noticed Jessica
  2018 | D:2      | Killed Jessica
  2019 | D:2      | Reached XP level 4. HP: 24/31 MP: 0/0
  2453 | D:2      | Found a snail-covered altar of Cheibriados.
  3286 | D:2      | Found a runed translucent door.
  3287 | D:2      | Noticed Crazy Yiuf
  3316 | D:2      | Killed Crazy Yiuf
  3317 | D:2      | Reached XP level 5. HP: 12/36 MP: 0/0
  3317 | D:2      | Learned a level 2 spell: Static Discharge
  3815 | D:3      | Reached skill level 1 in Fighting
  4345 | D:3      | Noticed an ogre
  4353 | D:3      | Killed an ogre
  4354 | D:3      | Reached skill level 4 in Spellcasting
  4354 | D:3      | Reached XP level 6. HP: 26/42 MP: 0/0
  6126 | D:4      | Found a staircase to the Ecumenical Temple.
  6634 | D:4      | Found a blossoming altar of Fedhas.
  6706 | D:5      | Entered Level 5 of the Dungeon
  6767 | D:5      | Found a transporter.
  6783 | D:5      | Found a transporter.
  6919 | D:5      | Noticed a necrophage
  6924 | D:5      | Killed a necrophage
  6925 | D:5      | Reached skill level 5 in Spellcasting
  6925 | D:5      | Reached XP level 7. HP: 43/47 MP: 0/0
  6925 | D:5      | Learned a level 3 spell: Confusing Touch
  6962 | D:5      | Noticed a water moccasin
  6967 | D:5      | Killed a water moccasin
  7273 | D:5      | Reached XP level 8. HP: 42/52 MP: 0/0
  7545 | D:5      | Reached skill level 6 in Spellcasting
  8256 | D:6      | Reached skill level 7 in Spellcasting
  8751 | D:6      | Reached XP level 9. HP: 53/57 MP: 0/0
  8751 | D:6      | Learned a level 4 spell: Dispel Undead
  9722 | D:7      | Reached skill level 8 in Spellcasting
 10240 | D:7      | Found a glowing silver altar of Zin.
 10241 | D:7      | Found a sparkling altar of Nemelex Xobeh.
 10241 | D:7      | Noticed Maggie
 10250 | D:7      | Killed Maggie
 10371 | D:7      | Found an ornate altar of the Wu Jian Council.
 10371 | D:7      | Found a burning altar of Makhleb.
 10373 | D:7      | Found a glowing golden altar of the Shining One.
 10375 | D:7      | Found a shadowy altar of Dithmenos.
 10502 | D:7      | Reached skill level 1 in Long Blades
 10561 | Temple   | Entered the Ecumenical Temple
 10601 | Temple   | Became a worshipper of Hepliaklqana the Forgotten
 10963 | D:7      | Noticed a gargoyle
 10970 | D:7      | Killed a gargoyle
 10971 | D:7      | Reached skill level 9 in Spellcasting
 10971 | D:7      | Reached skill level 1 in Invocations
 10971 | D:7      | Reached XP level 10. HP: 21/64 MP: 0/0
 11542 | D:8      | Found a flagged portal.
 11576 | Bailey   | Entered a bailey
 11819 | Bailey   | Noticed an orc warlord
 11870 | Bailey   | Noticed an orc knight
 11890 | Bailey   | Killed an orc knight
 12119 | Bailey   | Found a runed translucent gate.
 12120 | Bailey   | Found a runed translucent gate.
 12121 | Bailey   | Found a runed translucent gate.
 12410 | Bailey   | Killed an orc warlord
 12411 | Bailey   | Reached skill level 10 in Spellcasting
 12736 | D:8      | Found an opulent altar of Gozag.
 13540 | D:9      | Reached XP level 11. HP: 53/68 MP: 0/0
 13540 | D:9      | Learned a level 5 spell: Borgnjor's Vile Clutch
 13798 | D:9      | Reached * piety under Hepliaklqana
 14175 | D:9      | Found a transporter.
 14183 | D:9      | Noticed a skeletal warrior
 14214 | D:9      | Found a transporter.
 14253 | D:9      | HP: 2/61 [ice statue] (33)]
 14540 | D:9      | Found a basalt altar of Yredelemnul.
 14702 | D:9      | Reached skill level 11 in Spellcasting
 14736 | D:10     | Entered Level 10 of the Dungeon
 14892 | D:10     | Reached skill level 5 in Dodging
 14905 | D:10     | Reached ** piety under Hepliaklqana
 15030 | D:10     | Found a staircase to the Orcish Mines.
 15031 | D:10     | Remembered your ancestor Simosihle as a hexer
 15182 | D:10     | Reached skill level 1 in Armour
 15287 | D:11     | Noticed a boulder beetle
 15297 | D:11     | Killed a boulder beetle
 15298 | D:11     | Reached skill level 5 in Invocations
 15407 | D:11     | Noticed Psyche
 15415 | D:11     | Killed Psyche
 15475 | D:11     | Noticed a two-headed ogre
 15484 | D:11     | Killed a two-headed ogre
 15499 | D:11     | Noticed a two-headed ogre
 15502 | D:11     | Killed a two-headed ogre
 15686 | D:11     | Found a staircase to the Lair.
 15690 | D:11     | Reached XP level 12. HP: 63/68 MP: 0/0
 15734 | D:11     | Noticed a five-headed hydra
 15741 | D:11     | Killed a five-headed hydra
 16297 | D:12     | Reached *** piety under Hepliaklqana
 16392 | D:12     | Reached skill level 12 in Spellcasting
 16403 | D:12     | Noticed a boulder beetle
 16410 | D:12     | Killed a boulder beetle
 16513 | D:12     | Noticed Maurice
 16518 | D:12     | Killed Maurice
 16528 | D:12     | Noticed Sonja
 16539 | D:12     | Killed Sonja
 17116 | Lair:1   | Entered Level 1 of the Lair of Beasts
 17236 | Lair:1   | Identified the +5 rapier "Yrhohurph" {pain, Int+5}
 17372 | Lair:1   | Reached XP level 13. HP: 29/74 MP: 0/0
 17372 | Lair:1   | Learned a level 5 spell: Hydra Form
 17885 | Lair:2   | Reached **** piety under Hepliaklqana
 18349 | Lair:2   | Noticed Urug
 18353 | Lair:2   | Killed Urug
 18488 | Lair:3   | Found a staircase to the Swamp.
 18590 | Lair:3   | Reached skill level 13 in Spellcasting
 18707 | Lair:3   | Reached skill level 5 in Stealth
 19467 | Lair:4   | Noticed a catoblepas
 19473 | Lair:4   | Killed a catoblepas
 19562 | Lair:4   | Reached ***** piety under Hepliaklqana
 19821 | Lair:4   | Found a staircase to the Snake Pit.
 20226 | Lair:4   | Reached XP level 14. HP: 54/80 MP: 0/0
 20723 | Lair:5   | Reached skill level 14 in Spellcasting
 20728 | Lair:5   | Reached skill level 1 in Short Blades
 20752 | Lair:5   | Found a gate leading to a gauntlet.
 20765 | Gauntlet | Entered a Gauntlet
 20765 | Gauntlet | Found a transporter.
 20765 | Gauntlet | Found a transporter.
 20765 | Gauntlet | Found a transporter.
 20811 | Gauntlet | Found a transporter.
 20813 | Gauntlet | Found a transporter.
 20826 | Gauntlet | Found a transporter.
 20827 | Gauntlet | Found a transporter.
 20836 | Gauntlet | Found a runed translucent door.
 20838 | Gauntlet | Found a transporter.
 20858 | Gauntlet | Found a transporter.
 20881 | Gauntlet | Found a transporter.
 20884 | Gauntlet | Found a transporter.
 20900 | Gauntlet | Found a transporter.
 21057 | Gauntlet | HP: 4/80 [/a scroll of torment (1)]
 21057 | Gauntlet | HP: 1/80 [spectral eight-headed hydra (4)]
 21057 | Gauntlet | Slain by a spectral eight-headed hydra

Illustrated notes

Levels and vault maps discovered:
D:1:      dpeg_arrival_tiny_i, layout_basic,
          hellmonk_ecumenical_altar_leap_of_faith
D:2:      minmay_kobold_bridge, layout_basic, basic_altar, uniq_jessica,
          uniq_crazy_yiuf_cottage
D:3:      minmay_evil_eye, layout_basic, minmay_goblin_outpost
D:4:      layout_basic, grunt_temple_overflow_growth_and_decay,
          minmay_temple_entry_junction_2, minmay_misc_feat_tiny
D:5:      gammafunk_steamed_eel, layout_cave_pods, minmay_door_square,
          minmay_misc_feat_x
D:6:      kennysheep_kobold_camp, layout_basic, columned_hall_lemuel
D:7:      layout_basic, minitemple, minmay_circle_x, uniq_maggie
D:8:      layout_rooms, grunt_gozag_breadcrumbs, enter_bailey_5, st_stairs_10
D:9:      minmay_weird_star, layout_long_grid, old_standard_altar,
          kennysheep_little_box, gammafunk_ghost_abyssal_escape, serial_undead,
          serial_undead_f, serial_undead_b, serial_undead_e, serial_undead_b,
          minmay_misc_feat_alley, minivault_16, grunt_decor_junction
D:10:     layout_small_grid, orc_0_dummy
D:11:     layout_stronghold, grunt_lair_entry_orc_guard_hut, uniq_psyche
D:12:     layout_basic, roderic_cross_of_infinity, minmay_misc_feat_five,
          uniq_maurice, uniq_sonja
Temple:   pf_slimified_temple
Lair:1:   layout_gridlike, lemuel_fruit_tree
Lair:2:   layout_hall_layers, lemuel_fruit_fields, uniq_urug
Lair:3:   layout_cave_pods, minmay_swamp_entry_worms, grunt_megastairs_4
Lair:4:   layout_roguey, minmay_snake_entry_guardpost_large, serial_forest,
          infiniplex_forest_straight_1, infiniplex_forest_lined_2,
          infiniplex_forest_corner_1, infiniplex_forest_corner_2,
          infiniplex_forest_straight_4, infiniplex_forest_end_3,
          infiniplex_forest_lined_4_way, infiniplex_forest_end_3, st_stairs_5,
          beast_lair_carwin_8, lemuel_fruit_fields
Lair:5:   layout_layer_cave, serial_forest, infiniplex_forest_lined_1,
          maelrawn_ghost_gauntlet_escape, gauntlet_entry_generic
Gauntlet: minmay_gauntlet_mixed_big_or_small [gammafunk_gauntlet_arena_teeth,
          minmay_gauntlet_arena_77_checkered, nicolae_gauntlet_arena_grate_2,
          minmay_gauntlet_arena_77_double_cross, nicolae_gauntlet_arena_x,
          minmay_gauntlet_arena_77_path, gauntlet_exit_spiral]

Skill      XL: |  1  2  3  4  5  6  7  8  9 10 11 12 13 14 |
---------------+-------------------------------------------+-----
Spellcasting   | 3 4 5 7 9 10 11 12 13 14 | 14.1
Stealth        | 2 3 4 5 |  5.2
Fighting       | 1 2 3 4 |  4.1
Dodging        | 3 4 5 6 |  6.3
Long Blades    | 1 2 3 4 |  4.3
Invocations    | 1 4 5 7 9 |  9.3
Armour         | 2 3 4 |  4.0
Short Blades   | 2 |  2.1
Axes           | |  0.4

Action                   |  1- 3 |  4- 6 |  7- 9 | 10-12 | 13-15 || total
-------------------------+-------+-------+-------+-------+-------++-------
Melee: Battleaxe         |     6 |     1 |       |       |       ||     7
       Falchion          |       |       |    11 |    37 |       ||    48
       Rapier            |       |       |       |       |    11 ||    11
 Cast: Foxfire           |    93 |   184 |   221 |   156 |       ||   654
       Sticky Flame      |       |     2 |    13 |    42 |    18 ||    75
       Conjure Flame     |       |     1 |     1 |     1 |       ||     3
       Pain              |       |       |     1 |       |       ||     1
       Fireball          |       |       |     2 |   120 |   138 ||   260
       Borgnjor's Vile C |       |       |       |     1 |       ||     1
Invok: Ancestor Life: He |       |       |       |     1 |       ||     1
       Recall Ancestor   |       |       |       |       |     1 ||     1
  Use: Scroll            |     2 |     6 |     3 |     4 |     4 ||    19
       Potion            |     1 |     1 |       |       |     1 ||     3
 Stab: Confused          |       |       |       |     2 |       ||     2
Armor: Robe              |     1 |     6 |     4 |     1 |       ||    12
       Troll leather arm |       |       |       |    32 |     8 ||    40
Dodge: Dodged            |    12 |    48 |    34 |    87 |    31 ||   212
       Rpst.: Falchion   |       |       |     9 |    16 |       ||    25

Table legend: (Time is in decaauts)
 A = Elapsed time spent in this place.
 B = Non-inter-level travel time spent in this place.
 C = Inter-level travel time spent in this place.
 D = Time resting spent in this place.
 E = Time spent auto-exploring this place.
 F = Levels seen in this place.
 G = Mean time per level.
                   A        B        C        D        E       F      G
               +--------+--------+--------+--------+--------+-----+--------+
         Total |  21066 |  20296 |    770 |    853 |  17041 |  20 | 1053.3 |
       Dungeon |  15955 |  15352 |    603 |    845 |  12806 |  12 | 1329.6 |
        Temple |     56 |     43 |     13 |      0 |      9 |   1 |   56.0 |
          Lair |   3647 |   3495 |    152 |      3 |   3122 |   5 |  729.4 |
        Bailey |   1119 |   1119 |      0 |      0 |    905 |   1 | 1119.0 |
      Gauntlet |    287 |    287 |      0 |      5 |    199 |   1 |  287.0 |
               +--------+--------+--------+--------+--------+-----+--------+

Top non-repeatable levels by time:
     D:2: 2425 daAuts
     D:6: 1692 daAuts
     D:7: 1636 daAuts
     D:3: 1633 daAuts
     D:1: 1586 daAuts
     D:5: 1356 daAuts
  Lair:4: 1191 daAuts
     D:8: 1147 daAuts
  Bailey: 1119 daAuts
     D:4: 1090 daAuts
  Lair:3: 1057 daAuts
     D:9: 1003 daAuts
    D:11: 982 daAuts
    D:12: 850 daAuts
  Lair:1: 759 daAuts
